 Dungeon Crawl Stone Soup version 0.31-a0-7-g51783674b7 (webtiles) character file.

Game seed: 8908433166913284197

774 pablito the Skirmisher (level 8, 43/51 HPs)
             Began as a Halfling Hunter on Jan 30, 2021.
             Quit the game on level 5 of the Dungeon on May 5, 2023.
             The game lasted 00:13:27 (3780 turns).

pablito the Skirmisher (Halfling Hunter)            Turns: 3780, Time: 00:13:28

Health: 43/51      AC:  6    Str: 13    XL:     8   Next: 10%
Magic:  8/8        EV: 15    Int:  9    God:
Gold:   251        SH:  0    Dex: 17    Spells: 7/7 levels left

rFire   + . .        a - +4 sling
rCold   . . .        (no shield)
rNeg    . . .        c - +1 leather armour {rF+}
rPois   .            v - +2 hat
rElec   .            (no cloak)
rCorr   .            (no gloves)
SInv    .            (no boots)
Will    .....        (no amulet)
Stlth   ++           (no ring)
HPRegen 0.28/turn    (no ring)
MPRegen 0.11/turn

%: no passive effects
@: no status effects
A: small, no large weapons, mutation resistance 1
a: no special abilities


You were on level 5 of the Dungeon.
You visited 1 branch of the dungeon, and saw 5 of its levels.

You collected 251 gold pieces.

Inventory:

Hand Weapons
 a - a +4 sling (weapon)
 b - a +0 short sword
 h - a +1 vampiric falchion
 o - a +0 short sword of protection
Missiles
 e - 78 stones
 t - 31 sling bullets
Armour
 c - a +1 leather armour of fire resistance (worn)
 r - a +0 leather armour of cold resistance
 v - a +2 hat (worn)
Wands
 q - a wand of iceblast (8)
 w - a wand of polymorph (4)
Scrolls
 g - a scroll of removedness
 i - a scroll of identify
 k - 2 scrolls of fear
 l - a scroll of magic mapping
 p - a scroll of teleportation {unknown}
 x - a scroll of enchant armour {unknown}
 y - a scroll of blinking {unknown}
Potions
 d - a potion of brilliance {unknown}
 f - 2 potions of mutation {unknown}
 j - a potion of haste
 m - a potion of attraction {unknown}
 n - 3 potions of heal wounds
 s - 2 potions of berserk rage
 u - a potion of lignification {unknown}


   Skills:
 + Level 2.5 Fighting
 + Level 2.2 Short Blades
 + Level 10.8 Ranged Weapons
 + Level 3.1 Dodging
 + Level 2.7 Stealth


You had 7 spell levels left.
You didn't know any spells.
Your spell library contained the following spells:

 Spells                   Type           Power      Damage    Failure   Level
 Magic Dart               Conj           0%         1d3       45%         1
 Slow                     Hex            0%         N/A       45%         1
 Blink                    Tloc           0%         N/A       61%         2
 Call Imp                 Summ           0%         N/A       61%         2
 Mephitic Cloud           Conj/Pois/Air  0%         N/A       83%         3


Dungeon Overview and Level Annotations

Branches:
Dungeon (5/15)
 Temple: D:4-7

Altars:

Annotations:
D:5 Pikel


Innate Abilities, Weirdness & Mutations

You are small and have problems with some larger weapons.
You are somewhat resistant to further mutation.


Message History

The sling bullet hits the lemure!
The lemure is moderately wounded.
Fire: 35 sling bullets
Press: ? - help, Q - select action, (/) - cycle Shift-Dir - straight line, f/p - lemure
Aim: a lemure (64% to hit)
You shoot a sling bullet.
The sling bullet hits the lemure but does no damage.
Fire: 34 sling bullets
Press: ? - help, Q - select action, (/) - cycle Shift-Dir - straight line, f/p - lemure
Aim: a lemure (64% to hit)
You shoot a sling bullet.
The sling bullet hits the lemure but does no damage.
The lemure hits you.
Fire: 33 sling bullets
Press: ? - help, Q - select action, (/) - cycle Shift-Dir - straight line, f/p - lemure
Aim: a lemure (64% to hit)
You shoot a sling bullet. The sling bullet hits the lemure.
The lemure is lightly wounded.
Fire: 32 sling bullets
Press: ? - help, Q - select action, (/) - cycle Shift-Dir - straight line, f/p - lemure
Aim: a lemure (lightly wounded, 64% to hit)
You shoot a sling bullet. The sling bullet hits the lemure.
The lemure is lightly wounded.
The lemure hits you. The lemure barely misses you.
You see here a +0 spear.
You open the door. The lemure hits you but does no damage. The lemure hits you.
There is an open door here.
Level annotation: Pikel Your Slings skill gained 4 levels and is now at level 15!
Your Ranged Weapons skill gained 10 levels and is now at level 10!
Welcome back, pablito the Halfling Hunter.
Press ? for a list of commands and other information.
Level annotation: Pikel Welcome back, pablito the Halfling Hunter.
Press ? for a list of commands and other information.
Level annotation: Pikel Welcome back, pablito the Halfling Hunter.
Press ? for a list of commands and other information.
Are you sure you want to abandon this character and quit the game? (Confirm with "yes".)

......# ......# ......+
......#### .......<.###
.......†...#
...........######
(......(.).....5#######.
.............5.5@.......
...............5########
................#
.#'############## .#.#
...# #..# ..># ####


You could see 4 lemures.

Vanquished Creatures
  A sky beast (D:4)
  3 ogres (D:4)
  A scorpion (D:4)
  A howler monkey (D:2)
  A jelly (D:2)
  3 orc priests
  A removed worker ant (D:4)
  3 gnolls (D:3)
  9 adders
  4 endoplasms
  8 orcs
  2 removed leopard geckos
  9 bats
  2 giant cockroaches
  5 goblins
  11 hobgoblins
  3 jackals (D:4)
  2 quokkas
  A ball python (D:3)
  4 frilled lizards
  6 kobolds
  6 rats
86 creatures vanquished.

Notes
Turn   | Place    | Note
-------+----------+-------------------------------------------
     0 | D:1      | pablito the Halfling Hunter began the quest for the Orb.
     0 | D:1      | Reached XP level 1. HP: 14/14 MP: 1/1
    80 | D:1      | Reached skill level 6 in Slings
   179 | D:1      | Reached XP level 2. HP: 19/19 MP: 2/2
   531 | D:1      | Reached skill level 7 in Slings
   531 | D:1      | Reached XP level 3. HP: 24/24 MP: 3/3
   884 | D:2      | Reached XP level 4. HP: 29/29 MP: 4/4
   988 | D:2      | Reached skill level 8 in Slings
  1085 | D:2      | Reached XP level 5. HP: 34/34 MP: 5/5
  1091 | D:2      | Reached skill level 9 in Slings
  1330 | D:2      | You fall into a shaft and drop 2 floors!
  1649 | D:3      | Reached XP level 6. HP: 39/39 MP: 6/6
  1700 | D:3      | Reached skill level 10 in Slings
  2175 | D:3      | Found a roughly hewn altar of Beogh.
  2464 | D:4      | Noticed a sky beast
  2472 | D:4      | Killed a sky beast
  2473 | D:4      | Reached skill level 11 in Slings
  2473 | D:4      | Reached XP level 7. HP: 44/44 MP: 7/7
  2755 | D:4      | Reached skill level 1 in Short Blades
  3460 | D:5      | Entered Level 5 of the Dungeon
  3460 | D:5      | Noticed Pikel
  3659 | D:4      | Reached XP level 8. HP: 39/51 MP: 8/8
  3755 | D:5      | Upgraded the game from 0.27-a0-200-g8ba017916c to
                  | 0.28-a0-206-gc2c9e32840
  3780 | D:5      | Reached skill level 15 in Slings
  3780 | D:5      | Reached skill level 10 in Ranged Weapons
  3780 | D:5      | Upgraded the game from 0.28-a0-206-gc2c9e32840 to
                  | 0.29-a0-902-g0f71de6fce
  3780 | D:5      | Upgraded the game from 0.29-a0-902-g0f71de6fce to
                  | 0.31-a0-7-g51783674b7
  3780 | D:5      | Quit the game

Illustrated notes

Levels and vault maps discovered:
D:1:      ncdulo_lavacross, layout_basic
D:2:      layout_loops_cross
D:3:      layout_rooms, kennysheep_orc_chapel
D:4:      layout_loops_corners, amethyst_killhole
D:5:      layout_basic, kennysheep_vampire_church, minmay_temple_entry_trees,
          hangedman_abyss_or_decor_passed, chequers_serial_rivers_large_a,
          minmay_misc_feat_plants, uniq_menkaure, uniq_prince_ribbit1,
          uniq_pikel

Skill      XL: |  1  2  3  4  5  6  7  8 |
---------------+-------------------------+-----
Slings         | 6 7 8 9 11 15 |  0.0
Fighting       | 2 |  2.5
Short Blades   | 2 |  2.2
Stealth        | 2 |  2.7
Dodging        | 3 |  3.1
Ranged Weapons | 10 | 10.8

Action                     |  1- 3 |  4- 6 |  7- 9 || total
---------------------------+-------+-------+-------++-------
   Fire: Sling             |    80 |   175 |    56 ||   311
    Use: Scroll            |       |    12 |     1 ||    13
         Potion            |       |       |     1 ||     1
 Armour: Leather armour    |     5 |    13 |     3 ||    21
  Dodge: Dodged            |    17 |    42 |    10 ||    69

Table legend: (Time is in decaauts)
 A = Elapsed time spent in this place.
 B = Non-inter-level travel time spent in this place.
 C = Inter-level travel time spent in this place.
 D = Time resting spent in this place.
 E = Time spent auto-exploring this place.
 F = Levels seen in this place.
 G = Mean time per level.
                   A        B        C        D        E       F      G
               +--------+--------+--------+--------+--------+-----+--------+
         Total |   3690 |   3643 |     47 |    124 |   2709 |   5 |  738.0 |
       Dungeon |   3690 |   3643 |     47 |    124 |   2709 |   5 |  738.0 |
               +--------+--------+--------+--------+--------+-----+--------+

Top non-repeatable levels by time:
     D:4: 1323 daAuts
     D:3: 1003 daAuts
     D:1: 787 daAuts
     D:2: 517 daAuts
     D:5: 58 daAuts
